 Dungeon Crawl Stone Soup version 0.31.0-11-ge490571c62 (webtiles) character file.

Game seed: 1098285021746987080

273 browni3141 the Chopper (level 6, 0/53 HPs)
             Began as a Minotaur Fighter on Jan 27, 2024.
             Slain by a kobold brigand
             ... wielding a +0 short sword
              (3 damage)
             ... on level 3 of the Dungeon.
             The game lasted 00:00:56 (764 turns).

browni3141 the Chopper (Minotaur Fighter)            Turns: 764, Time: 00:00:56

Health: 0/53       AC:  7    Str: 23    XL:     6   Next: 3%
Magic:  5/5        EV:  9    Int:  5    God:
Gold:   198        SH:  4    Dex:  9    Spells: 5/5 levels left

rFire   . . .        a - +0 war axe
rCold   . . .        c - +0 buckler
rNeg    . . .        b - +0 scale mail
rPois   .            (helmet restricted)
rElec   .            (no cloak)
rCorr   .            (no gloves)
SInv    .            (no boots)
Will    .....        (no amulet) Stlth
                     (no ring)
HPRegen 0.28/turn    (no ring)
MPRegen 0.09/turn

%: no passive effects
@: no status effects
A: horns 2, retaliatory headbutt
a: no special abilities


You were on level 3 of the Dungeon.
You visited 1 branch of the dungeon, and saw 3 of its levels.

You collected 198 gold pieces.

Inventory:

Hand Weapons
 a - a +0 war axe (weapon)
Armour
 b - a +0 scale mail (worn)
 c - a +0 buckler (worn)
Scrolls
 f - 2 scrolls of identify {unknown}
 i - 2 scrolls of vulnerability {unknown}
 j - 2 scrolls of immolation {unknown}
 k - a scroll of noise {unknown}
 l - a scroll of blinking {unknown}
Potions
 d - a potion of might
 e - a potion of enlightenment {unknown}
 m - a potion of heal wounds {unknown}
 n - a potion of attraction {unknown}


   Skills:
 + Level 4.7 Fighting
 * Level 4.9 Axes
 + Level 2.0 Throwing
 + Level 4.7 Armour
 + Level 4.6 Shields


You had 5 spell levels left.
You didn't know any spells.
Your spell library was empty.

Dungeon Overview and Level Annotations

Branches:
Dungeon (3/15)

Altars:

Shops:
D:2 [


Innate Abilities, Weirdness & Mutations

You have a pair of horns on your head.
You reflexively headbutt those who attack you in melee.


Message History

An endoplasm comes into view.
An endoplasm is nearby!
An endoplasm is nearby!
An endoplasm is nearby!
An endoplasm is nearby!
An endoplasm is nearby!
Things that are here:
a +0 club; an orc corpse You slash the endoplasm!
You kill the endoplasm!
No target in view!
Sigmund the Dreaded comes into view.
He is wielding a +1 scythe of venom.
Sigmund shouts!
Sigmund is nearby!
Sigmund is nearby!
Sigmund is nearby!
You throw a poisoned dart. The poisoned dart hits Sigmund.
Sigmund is poisoned.
You throw a poisoned dart.
The poisoned dart barely misses Sigmund.
You throw a poisoned dart.
The poisoned dart barely misses Sigmund.
Sigmund hits you from afar with a +1 scythe of venom.
You are poisoned.
You feel sick. Sigmund barely misses you.
You barely miss Sigmund.
Sigmund is lightly wounded.
You feel sick.
You slash Sigmund! You headbutt Sigmund!
Sigmund is severely wounded.
You feel sick. Sigmund casts a spell at you.
You are confused.
A kobold brigand comes into view.
It is wielding a +0 short sword, quivering curare-tipped darts and carrying a wand of flame.
Sigmund casts a spell at you. The puff of flame misses you.
You are too confused!
You are too confused!
You are too confused!
You are too confused!
You bump into the rock wall.
You feel sick.
The kobold brigand shouts!
Sigmund casts a spell at you.
You are more confused.
You feel sick.
You are no longer poisoned.
Sigmund screams, "Only death can liberate you!"
Sigmund completely misses you.
You bump into the rock wall.
Sigmund looks more healthy.
You bump into the rock wall.
Sigmund casts a spell at you. The puff of flame hits you!
Sigmund casts a spell at you. You resist with some effort.
The kobold brigand hits you with a +0 short sword.
You barely miss Sigmund. Your headbutt misses Sigmund.
Sigmund is almost dead.
You hit the kobold brigand.
Sigmund screams, "You will never...
NEVER!!!"
Sigmund hits you but does no damage.
You are poisoned.
The kobold brigand hits you but does no damage.
You barely miss Sigmund. Your headbutt misses Sigmund.
Sigmund is almost dead.
You barely miss the kobold brigand.
You feel very sick.
The kobold brigand hits you with a +0 short sword.
Sigmund hits you with a +1 scythe of venom.
You are lethally poisoned!
The kobold brigand hits you with a +0 short sword.
It was a potion of curing.
You feel better. Sigmund barely misses you.
The kobold brigand zaps a wand.
The puff of flame hits you but does no damage.
You closely miss Sigmund.
Sigmund is almost dead.
You closely miss the kobold brigand. The kobold brigand barely misses you.
Sigmund closely misses you. You furiously retaliate!
You headbutt Sigmund. You hit Sigmund but do no damage.
Sigmund is almost dead.
You hit the kobold brigand.
The kobold brigand hits you with a +0 short sword.
Sigmund hits you with a +1 scythe of venom.
You are lethally poisoned!
You completely miss Sigmund. You headbutt Sigmund.
You kill Sigmund!
You barely miss the kobold brigand.
You feel very sick.
The kobold brigand hits you with a +0 short sword.
The kobold brigand zaps a wand.
The puff of flame hits you.
Your Throwing skill increases to level 2!
You have reached level 5!
You have reached level 6!
You feel better.
The kobold brigand hits you with a +0 short sword.
You throw a poisoned dart.
The poisoned dart barely misses the kobold brigand.
The kobold brigand hits you with a +0 short sword.
You hit the kobold brigand. You headbutt the kobold brigand!
The kobold brigand is almost dead.
The kobold brigand hits you with a +0 short sword.
You die...

# #..# #...# #.#
#..# ##.## #.#
#..# #... ....
#..# #..##.....
..####..##
#..##.....
.........#
#..#.....
.#####...#
#.......
#..#.K.....###...#
#(.(.)@.....)...#
##.#.###.#.####..#
# #.#.# .....
#.#.# ####.# #.#..
.. #.#.. . ......
....##


You could see a kobold brigand.

Vanquished Creatures
  Sigmund (D:3)
  Natasha (thrice) (D:2)
  2 adders (D:2)
  2 dart slugs (D:2)
  2 orcs (D:3)
  3 ball pythons
  4 endoplasms
  A hobgoblin (D:3)
  2 quokkas
  4 kobolds
24 creatures vanquished.

Notes
Turn   | Place    | Note
-------+----------+-------------------------------------------
     0 | D:1      | browni3141 the Minotaur Fighter began the quest for the
                  | Orb.
     0 | D:1      | Reached XP level 1. HP: 19/19 MP: 0/0
   207 | D:2      | Reached XP level 2. HP: 27/27 MP: 1/1
   227 | D:2      | Found Imesch's Armour Boutique.
   347 | D:2      | Reached XP level 3. HP: 32/33 MP: 2/2
   380 | D:2      | Noticed Natasha
   384 | D:2      | Killed Natasha
   483 | D:2      | Noticed Natasha
   499 | D:2      | Killed Natasha
   500 | D:2      | Reached XP level 4. HP: 31/40 MP: 3/3
   589 | D:2      | Noticed Natasha
   597 | D:2      | Killed Natasha
   598 | D:2      | Reached skill level 1 in Throwing
   743 | D:3      | Noticed Sigmund
   750 | D:3      | Noticed a kobold brigand
   761 | D:3      | Killed Sigmund
   761 | D:3      | HP: 1/40 [kobold brigand/puff of flame (2)]
   762 | D:3      | Reached XP level 5. HP: 2/47 MP: 4/4
   762 | D:3      | Reached XP level 6. HP: 2/53 MP: 5/5
   764 | D:3      | Slain by a kobold brigand

Illustrated notes

Levels and vault maps discovered:
D:1:      dpeg_arrival_pond, layout_basic
D:2:      layout_basic, serial_shops, shop, uniq_natasha
D:3:      layout_loops_ring, nicolae_overflow_two_pavilions,
          hellmonk_ecumenical_altar_run_dry, uniq_pargi, uniq_sigmund

Skill      XL: |  1  2  3  4 |
---------------+-------------+-----
Axes           | 3 4 |  4.9
Armour         | 4 |  4.7
Fighting       | 4 |  4.7
Shields        | 4 |  4.6
Throwing       | 2 |  2.0

Action                     |  1- 3 |  4- 6 || total
---------------------------+-------+-------++-------
  Melee: War axe           |    39 |    23 ||    62
         Headbutt          |     6 |     7 ||    13
  Throw: Dart              |     2 |     4 ||     6
    Use: Potion            |       |     2 ||     2
 Armour: Scale mail        |    25 |    29 ||    54
  Dodge: Dodged            |    18 |     8 ||    26
  Block: Buckler           |    11 |     1 ||    12
